 Dungeon Crawl Stone Soup version 0.18.1-8-gdd0e5ea (webtiles) character file.

139 mistymad the Insei (level 5, -1/45 HPs)
             Began as a Naga Transmuter on May 22, 2016.
             Slain by pipel's ghost (5 damage)
             ... on level 3 of the Dungeon.
             The game lasted 00:09:10 (3134 turns).

mistymad the Insei (Naga Transmuter)                Turns: 3134, Time: 00:09:12

Health: -1/45      AC:  6    Str: 12    XL:     5   Next: 22%
Magic:  4/9        EV:  8    Int: 14    God:
Gold:   117        SH:  0    Dex: 12    Spells: 3 memorised, 3 levels left

rFire  . . .     SeeInvis +       - Unarmed
rCold  . . .     Gourm    .     b - +0 robe
rNeg   . . .     Faith    .     (no shield)
rPois  +         Spirit   .     (no helmet)
rElec  .         Dismiss  .     (no cloak)
rCorr  .         Reflect  .     (no gloves)
SustAt .         Harm     .     n - +0 naga barding
MR     .....                    (no amulet)
Stlth  +.........               (no ring)
                                (no ring)

@: short of breath, drained, very slow, not resistant to hostile enchantments,
very unstealthy
A: see invisible, deformed body, poison resistance, slowness 2, slow metabolism
1, spit poison 2, AC +1
a: Spit Poison


You were on level 3 of the Dungeon.
You were not hungry.

You visited 1 branch of the dungeon, and saw 3 of its levels.

You collected 117 gold pieces.

Inventory:

Missiles
 a - 6 arrows
Armour
 b - a +0 robe (worn)
 n - a +0 naga barding (worn)
Scrolls
 e - a scroll of fear {unknown}
 f - 2 scrolls of identify {unknown}
 h - a scroll of teleportation {unknown}
 j - 3 scrolls of blinking {unknown}
 q - a scroll of amnesia {unknown}
Potions
 g - a potion of mutation {unknown}
 k - a potion of cancellation {unknown}
 l - a potion of resistance {unknown}
 m - a potion of ambrosia {unknown}
 o - 2 potions of flight {unknown}
 r - 2 potions of curing {unknown}
Books
 c - a book of Changes

   Spells                             Type                      Level
   a - Beastly Appendage              Transmutation                1
   b - Sticks to Snakes               Transmutation                2
   c - Spider Form                    Transmutation/Poison         3
   d - Ice Form                       Ice/Transmutation            4
   e - Blade Hands                    Transmutation                5
Comestibles
 d - 2 bread rations
 i - a beef jerky
 p - a slice of pizza


   Skills:
 + Level 2.1(1.8) Fighting
 + Level 2.3(2.0) Dodging
 + Level 3.9(3.5) Unarmed Combat
 + Level 2.8(2.5) Spellcasting
 + Level 2.6(2.3) Transmutations


You had 3 spell levels left.
You knew the following spells:

 Your Spells              Type           Power        Failure   Level  Hunger
a - Beastly Appendage     Trmt           #.....       12%         1    #......
b - Sticks to Snakes      Trmt           #.......     17%         2    ###....
c - Spider Form           Trmt/Pois      #.........   47%         3    ###....


Dungeon Overview and Level Annotations

Branches:
Dungeon (3/15)

Altars:
Dithmenos
Gozag
Qazlal
Ru
Vehumet
Xom

Annotations:
D:3 pipel's ghost, weakling TrMo


Innate Abilities, Weirdness & Mutations

You cannot wear boots.
Your serpentine skin is tough (AC +1).
You have supernaturally acute eyesight.
Armour fits poorly on your strangely shaped body.
Your system is resistant to poisons.
You cover ground very slowly.
You have a slow metabolism.
You can spit poison.


Message History

Your ball python barely misses pipel's ghost.
Your ball python closely misses pipel's ghost.
Pipel's ghost hits you!
* * * LOW HITPOINT WARNING * * *
Your ball python closely misses pipel's ghost.
Press: ? - help, Shift-Dir - straight line, f/p - pipel's ghost
Aim: pipel's ghost (severely damaged) Really fire in your ball python's direction?
Okay, then.
Unknown command.
Press: ? - help, Shift-Dir - straight line, f/p - pipel's ghost
Aim: pipel's ghost (severely damaged) Really fire in your ball python's direction?
The splash of poison hits pipel's ghost.
Pipel's ghost appears unharmed.
Pipel's ghost is severely damaged.
You feel slightly more hungry.
Your ball python barely misses pipel's ghost.
Pipel's ghost hits you.
You die...

#.....##.......#..
#.....##..........
#.....##..........
#.....##..........
#.....##..........
#.....##.........# #......
#.....##..S.......# #......
###.....###.WS....... #......
#...........@.###.#.# #......
#.............# .#.# #......
#.............### #.# #......
#............('.#.#.###......
#.............#(#.#..##......
#.............#(#....#<......
#...........((#.###.(.#......
#.............#.(.)(#)#......
#.............#######.#......


You could see pipel's ghost and 2 friendly ball pythons.

Vanquished Creatures
  An adder (D:2)
  An ooze (D:2)
  2 worms (D:2)
  A dart slug (D:2)
  A ball python (D:2)
  7 bats
  3 giant cockroaches
  5 goblins
  4 hobgoblins
  3 giant newts (D:1)
  8 kobolds
  9 rats
45 creatures vanquished.

Vanquished Creatures (collateral kills)
  Sigmund (D:2)
  A goblin (D:2)
2 creatures vanquished.

Grand Total: 47 creatures vanquished

Notes
Turn   | Place    | Note
--------------------------------------------------------------
     0 | D:1      | mistymad the Naga Transmuter began the quest for the Orb.
     0 | D:1      | Reached XP level 1. HP: 18/18 MP: 3/3
   472 | D:1      | Reached XP level 2. HP: 22/25 MP: 3/5
  1221 | D:1      | Reached XP level 3. HP: 10/31 MP: 4/6
  1428 | D:1      | Learned a level 2 spell: Sticks to Snakes
  1504 | D:2      | Found a radiant altar of Vehumet.
  1506 | D:2      | Noticed Sigmund
  1521 | D:2      | Killed Sigmund
  1521 | D:2      | Reached XP level 4. HP: 16/39 MP: 1/7
  1742 | D:2      | Found a sacrificial altar of Ru.
  1742 | D:2      | Found a shimmering altar of Xom.
  1745 | D:2      | Found an opulent altar of Gozag.
  2046 | D:2      | Learned a level 3 spell: Spider Form
  2131 | D:2      | Reached XP level 5. HP: 45/45 MP: 8/8
  2419 | D:2      | Found a shadowy altar of Dithmenos.
  2419 | D:2      | Found a stormy altar of Qazlal.
  3106 | D:3      | Noticed pipel's ghost (weakling TrMo)
  3134 | D:3      | Slain by pipel's ghost

Skill      XL: |  1  2  3 |
---------------+----------+-----
Fighting       | 2 |  2.1
Dodging        | 2 |  2.3
Unarmed Combat | |  3.9
Spellcasting   | |  2.8
Transmutations | |  2.6

Action                   |  1- 3 |  4- 6 || total
-------------------------+-------+-------++-------
Melee: Unarmed           |    67 |    62 ||   129
       Headbutt          |     5 |     9 ||    14
 Cast: Beastly Appendage |    14 |    11 ||    25
       Sticks to Snakes  |     3 |     3 ||     6
 Abil: Spit Poison       |     8 |     9 ||    17
  Eat: Chunk             |     2 |     5 ||     7
Armor: Robe              |    18 |    16 ||    34
Dodge: Dodged            |    34 |    31 ||    65
